[ AOE2 MATCH · #475295936 ]
UnrankedKhmer vs None
Rival team · LOSS
[ REPLAY ANALYSIS · EXTRACTED FROM THE RECORDED GAME ]
Feudal
10:06
Castle
12:46
Imperial
26:51
| APM avg | 44.8 |
| APM peak | 78 |
| eAPM avg | 23.5 |
| Villagers / military | 89 / 20 |
Focus
⚔️ 27.7% · 🌾 72.3%
Scorpion ×16 · Monk ×4
Feudal
9:21
Castle
17:15
Imperial
—
| APM avg | 60.1 |
| APM peak | 90 |
| eAPM avg | 30.2 |
| Villagers / military | 87 / 19 |
Focus
⚔️ 26.9% · 🌾 73.1%
Spearman ×11 · Militia ×4 · Mangonel ×4
Match map
Initial resources + every placement click. Lines = walls · curves = elevation contours. ◆ gold · ⬟ stone · ● berries · ✦ relic · ◌ wall gap
Your base· Open — 6t gap
Tiger's base· Open — 2t gap
Smoothed initial terrain · ◌ = detected wall gap · hover for details
Inputs per minute
— JuTT - - Tiger
Build order — JuTT
First 150 of 200 actions detected
| 0:00 | Create | Villager (Male) |
| 0:01 | Create | Villager (Male) |
| 0:01 | Create | Villager (Male) |
| 0:02 | Build | House |
| 0:04 | Build | House |
| 0:21 | Create | Villager (Male) |
| 1:17 | Create | Villager (Male) |
| 1:39 | Create | Villager (Male) |
| 1:45 | Build | Lumber Camp |
| 2:01 | Create | Villager (Male) |
| 2:22 | Create | Villager (Male) |
| 2:42 | Create | Villager (Male) |
| 3:22 | Build | House |
| 3:31 | Create | Villager (Male) |
| 3:32 | Create | Villager (Male) |
| 4:00 | Create | Villager (Male) |
| 4:25 | Build | Mining Camp |
| 4:35 | Create | Villager (Male) |
| 4:36 | Create | Villager (Male) |
| 4:36 | Create | Villager (Male) |
| 5:00 | Build | Farm |
| 5:31 | Build | Palisade Wall |
| 5:33 | Build | Palisade Wall |
| 5:40 | Create | Villager (Male) |
| 5:41 | Create | Villager (Male) |
| 5:48 | Build | Farm |
| 6:22 | Create | Villager (Male) |
| 6:29 | Build | House |
| 6:32 | Research | Loom |
| 6:34 | Create | Villager (Male) |
| 6:44 | Build | Farm |
| 7:18 | Build | Palisade Wall |
| 7:22 | Research | Feudal Age |
| 7:27 | Create | Villager (Male) |
| 7:43 | Research | Feudal Age |
| 8:15 | Build | Palisade Wall |
| 10:06 | Age | Feudal Age |
| 10:06 | Research | Castle Age |
| 10:06 | Research | Castle Age |
| 10:34 | Research | Double-Bit Axe |
| 12:42 | Create | Villager (Male) |
| 12:45 | Build | House |
| 12:45 | Build | House |
| 12:46 | Age | Castle Age |
| 12:48 | Build | Town Center |
| 12:55 | Build | Siege Workshop |
| 13:00 | Create | Villager (Male) |
| 13:15 | Research | Bow Saw |
| 13:17 | Create | Villager (Male) |
| 13:42 | Create | Scorpion |
| 13:43 | Create | Scorpion |
| 13:48 | Create | Villager (Male) |
| 13:50 | Create | Villager (Male) |
| 13:56 | Build | Farm |
| 13:58 | Build | Farm |
| 14:07 | Create | Villager (Male) |
| 14:08 | Create | Villager (Male) |
| 14:12 | Create | Villager (Male) |
| 14:28 | Create | Scorpion |
| 14:34 | Create | Villager (Male) |
| 14:38 | Build | Monastery |
| 14:53 | Create | Villager (Male) |
| 14:53 | Create | Villager (Male) |
| 14:55 | Build | Farm |
| 15:02 | Build | Farm |
| 15:14 | Build | Farm |
| 15:24 | Create | Monk |
| 15:27 | Build | House |
| 15:27 | Build | House |
| 15:33 | Create | Villager (Male) |
| 15:38 | Build | Farm |
| 15:52 | Create | Scorpion |
| 15:54 | Create | Villager (Male) |
| 16:03 | Create | Villager (Male) |
| 16:21 | Build | Farm |
| 16:21 | Build | Farm |
| 16:24 | Create | Villager (Male) |
| 16:35 | Create | Villager (Male) |
| 16:36 | Build | Farm |
| 16:38 | Build | Farm |
| 16:43 | Build | Farm |
| 17:23 | Create | Villager (Male) |
| 17:24 | Create | Villager (Male) |
| 17:25 | Create | Villager (Male) |
| 17:25 | Create | Villager (Male) |
| 17:25 | Create | Villager (Male) |
| 17:29 | Create | Scorpion |
| 17:30 | Create | Scorpion |
| 17:40 | Build | Farm |
| 17:41 | Build | Farm |
| 17:42 | Create | Villager (Male) |
| 17:43 | Create | Villager (Male) |
| 17:45 | Create | Villager (Male) |
| 18:04 | Build | House |
| 18:05 | Build | House |
| 18:12 | Create | Monk |
| 18:21 | Create | Villager (Male) |
| 18:21 | Research | Wheelbarrow |
| 18:25 | Build | House |
| 18:26 | Build | House |
| 18:28 | Build | House |
| 18:31 | Create | Villager (Male) |
| 18:53 | Build | Farm |
| 18:55 | Build | Farm |
| 18:56 | Create | Villager (Male) |
| 18:56 | Create | Villager (Male) |
| 19:05 | Build | Mill |
| 19:21 | Create | Villager (Male) |
| 19:22 | Create | Villager (Male) |
| 19:22 | Create | Villager (Male) |
| 19:42 | Create | Villager (Male) |
| 19:42 | Create | Villager (Male) |
| 19:45 | Build | Lumber Camp |
| 19:54 | Create | Monk |
| 19:56 | Create | Villager (Male) |
| 19:57 | Create | Villager (Male) |
| 20:52 | Create | Villager (Male) |
| 20:52 | Create | Villager (Male) |
| 20:53 | Create | Villager (Male) |
| 20:56 | Build | Town Center |
| 21:03 | Research | Horse Collar |
| 21:10 | Create | Villager (Male) |
| 21:11 | Build | Farm |
| 21:12 | Build | Farm |
| 21:14 | Build | Farm |
| 21:16 | Create | Villager (Male) |
| 21:38 | Create | Villager (Male) |
| 21:49 | Create | Villager (Male) |
| 21:50 | Create | Villager (Male) |
| 21:52 | Build | Farm |
| 21:53 | Build | Farm |
| 21:56 | Build | Farm |
| 22:12 | Build | Mill |
| 22:13 | Build | Farm |
| 22:14 | Build | Farm |
| 22:33 | Create | Villager (Male) |
| 22:33 | Create | Villager (Male) |
| 22:35 | Build | Farm |
| 22:39 | Create | Villager (Male) |
| 22:50 | Create | Villager (Male) |
| 23:02 | Build | Market |
| 23:28 | Build | Stable |
| 23:30 | Create | Villager (Male) |
| 23:41 | Research | Imperial Age |
| 23:43 | Create | Villager (Male) |
| 23:47 | Create | Villager (Male) |
| 23:48 | Create | Villager (Male) |
| 24:16 | Research | Redemption |
| 24:24 | Create | Villager (Male) |
| 24:24 | Create | Villager (Male) |
Build order — Tiger
First 150 of 202 actions detected
| 0:02 | Create | Villager (Male) |
| 0:02 | Create | Villager (Male) |
| 0:02 | Create | Villager (Male) |
| 0:02 | Create | Villager (Male) |
| 0:04 | Build | House |
| 0:06 | Build | House |
| 1:20 | Create | Villager (Male) |
| 1:51 | Create | Villager (Male) |
| 1:59 | Build | Lumber Camp |
| 2:33 | Create | Villager (Male) |
| 2:33 | Create | Villager (Male) |
| 3:00 | Create | Villager (Male) |
| 3:20 | Create | Villager (Male) |
| 3:20 | Create | Villager (Male) |
| 3:38 | Create | Villager (Male) |
| 3:38 | Create | Villager (Male) |
| 3:51 | Create | Villager (Male) |
| 3:51 | Create | Villager (Male) |
| 4:05 | Build | House |
| 4:30 | Create | Villager (Male) |
| 4:30 | Create | Villager (Male) |
| 4:36 | Create | Villager (Male) |
| 4:50 | Create | Villager (Male) |
| 5:24 | Create | Villager (Male) |
| 5:25 | Create | Villager (Male) |
| 5:46 | Build | Barracks |
| 6:18 | Build | Mill |
| 6:18 | Create | Villager (Male) |
| 6:39 | Research | Loom |
| 7:01 | Research | Feudal Age |
| 7:01 | Research | Feudal Age |
| 7:07 | Build | Mining Camp |
| 7:14 | Create | Militia |
| 7:15 | Create | Militia |
| 7:20 | Build | House |
| 7:45 | Create | Militia |
| 8:05 | Create | Militia |
| 8:38 | Build | Palisade Wall |
| 8:49 | Build | Palisade Wall |
| 8:50 | Build | Palisade Wall |
| 9:06 | Create | Villager (Male) |
| 9:21 | Age | Feudal Age |
| 9:22 | Research | Man-at-Arms (upgrade) |
| 9:23 | Research | Double-Bit Axe |
| 9:23 | Research | Double-Bit Axe |
| 9:44 | Build | Blacksmith |
| 9:51 | Build | Mill |
| 9:59 | Create | Villager (Male) |
| 10:03 | Build | House |
| 10:13 | Create | Villager (Male) |
| 10:25 | Build | House |
| 10:41 | Create | Villager (Male) |
| 11:12 | Build | House |
| 11:14 | Create | Villager (Male) |
| 11:20 | Build | Farm |
| 11:39 | Create | Villager (Male) |
| 11:42 | Build | House |
| 12:08 | Create | Villager (Male) |
| 12:18 | Build | Archery Range |
| 12:30 | Create | Villager (Male) |
| 12:39 | Build | Farm |
| 12:42 | Create | Spearman |
| 12:59 | Create | Villager (Male) |
| 13:12 | Build | Market |
| 13:20 | Create | Villager (Male) |
| 13:32 | Build | Farm |
| 13:48 | Build | Farm |
| 13:52 | Create | Villager (Male) |
| 13:54 | Build | Farm |
| 14:35 | Research | Castle Age |
| 14:35 | Research | Castle Age |
| 14:35 | Research | Castle Age |
| 14:48 | Build | Farm |
| 14:51 | Build | Farm |
| 14:59 | Create | Spearman |
| 15:15 | Create | Villager (Male) |
| 15:19 | Build | Farm |
| 15:59 | Research | Horse Collar |
| 16:16 | Build | Palisade Wall |
| 16:17 | Build | Palisade Wall |
| 16:20 | Build | Palisade Wall |
| 16:24 | Build | Palisade Wall |
| 16:50 | Build | Outpost |
| 17:15 | Age | Castle Age |
| 17:19 | Build | Siege Workshop |
| 17:26 | Create | Villager (Male) |
| 17:35 | Create | Spearman |
| 17:35 | Create | Spearman |
| 17:45 | Build | Mining Camp |
| 17:45 | Create | Mangonel |
| 17:46 | Create | Mangonel |
| 17:47 | Create | Villager (Male) |
| 17:50 | Build | Farm |
| 17:55 | Create | Spearman |
| 17:58 | Research | Scale Mail Armor |
| 17:58 | Research | Scale Mail Armor |
| 18:08 | Create | Villager (Male) |
| 18:19 | Create | Villager (Male) |
| 18:20 | Create | Mangonel |
| 18:22 | Create | Spearman |
| 18:25 | Create | Villager (Male) |
| 18:39 | Create | Villager (Male) |
| 18:51 | Create | Villager (Male) |
| 18:55 | Create | Spearman |
| 18:56 | Create | Mangonel |
| 19:00 | Create | Villager (Male) |
| 19:26 | Create | Villager (Male) |
| 19:36 | Create | Villager (Male) |
| 19:39 | Create | Villager (Male) |
| 19:40 | Build | House |
| 20:00 | Create | Spearman |
| 20:07 | Build | Town Center |
| 20:10 | Build | Outpost |
| 20:18 | Create | Spearman |
| 20:23 | Create | Villager (Male) |
| 20:29 | Create | Spearman |
| 20:30 | Create | Spearman |
| 20:31 | Create | Villager (Male) |
| 20:33 | Build | House |
| 20:34 | Build | House |
| 20:46 | Create | Villager (Male) |
| 20:59 | Create | Villager (Male) |
| 21:08 | Create | Villager (Male) |
| 21:19 | Create | Villager (Male) |
| 21:24 | Build | Town Center |
| 21:39 | Create | Villager (Male) |
| 21:43 | Create | Villager (Male) |
| 21:52 | Create | Villager (Male) |
| 21:58 | Create | Villager (Male) |
| 22:10 | Build | Farm |
| 22:12 | Build | Farm |
| 22:18 | Research | Wheelbarrow |
| 22:18 | Research | Wheelbarrow |
| 22:20 | Research | Town Watch |
| 22:20 | Research | Town Watch |
| 22:32 | Create | Villager (Male) |
| 22:36 | Build | Farm |
| 22:41 | Build | Farm |
| 22:43 | Build | Farm |
| 22:43 | Create | Villager (Male) |
| 22:45 | Build | Farm |
| 22:59 | Build | Farm |
| 23:02 | Build | Farm |
| 23:03 | Create | Villager (Male) |
| 23:04 | Build | Farm |
| 23:09 | Create | Villager (Male) |
| 23:09 | Create | Villager (Male) |
| 23:09 | Create | Villager (Male) |
| 23:19 | Create | Villager (Male) |
| 23:19 | Create | Villager (Male) |
Match timeline
| 5:31 | JuTT · wall_segment Palisade Wall x1 |
| 5:33 | JuTT · wall_segment Palisade Wall x1 |
| 5:46 | Tiger · first_building Barracks |
| 7:18 | JuTT · wall_segment Palisade Wall x1 |
| 8:15 | JuTT · wall_segment Palisade Wall x1 |
| 8:38 | Tiger · wall_segment Palisade Wall x1 |
| 8:49 | Tiger · wall_segment Palisade Wall x1 |
| 8:50 | Tiger · wall_segment Palisade Wall x1 |
| 9:21 | Tiger · age_up feudal |
| 10:06 | JuTT · age_up feudal |
| 12:18 | Tiger · first_building Archery Range |
| 12:46 | JuTT · age_up castle |
| 12:55 | JuTT · first_building Siege Workshop |
| 13:57 | Tiger · first_market_buy 100 food |
| 13:57 | Tiger · first_market_sell 100 stone |
| 14:38 | JuTT · first_building Monastery |
| 16:16 | Tiger · wall_segment Palisade Wall x1 |
| 16:17 | Tiger · wall_segment Palisade Wall x1 |
| 16:20 | Tiger · wall_segment Palisade Wall x1 |
| 16:24 | Tiger · wall_segment Palisade Wall x1 |
| 17:15 | Tiger · age_up castle |
| 17:19 | Tiger · first_building Siege Workshop |
| 23:28 | JuTT · first_building Stable |
| 24:13 | JuTT · first_market_sell 100 food |
| 25:11 | JuTT · first_market_buy 100 wood |
| 26:51 | JuTT · age_up imperial |
| 27:33 | Tiger · resign |
[ AI ANALYSIS · 1 CREDIT ]
What really happened in this match?
Wolo.gg analyzes every decision: build order, eco, micro, common mistakes by bracket. Personalized analysis on WhatsApp or Discord in 30 seconds.
Civ guide
Khmer
Perfil
Jugador #5945089